 Dungeon Crawl Stone Soup version 0.24-a0-784-g601f8f6d22 (webtiles) character file.

Game seed: 17891286891631406765, levelgen mode: deterministic

9 2BsUSBport the Sneak (level 2, -1/26 HPs)
             Began as a Naga Assassin on Oct 9, 2019.
             Slain by a hobgoblin (3 damage)
             ... on level 1 of the Dungeon.
             The game lasted 00:03:12 (622 turns).

2BsUSBport the Sneak (Naga Assassin)                 Turns: 622, Time: 00:03:12

Health: -1/26      AC:  3    Str: 12 (13) XL:     2   Next: 16%
Magic:  2/2        EV:  9    Int: 10 (11) God:
Gold:   32         SH:  0    Dex:  9 (12) Spells: 1/1 levels left

rFire    . . .     SeeInvis +   a - +2 dagger
rCold    . . .     Gourm    .   (no shield)
rNeg     . . .     Faith    .   h - +0 leather armour
rPois    +         Spirit   .   (no helmet)
rElec    .         Reflect  .   c - +0 cloak
rCorr    .         Harm     .   (no gloves)
MR       .....                  (no barding)
Stlth    +++.......             (no amulet)
HPRegen  0.08/turn              (no ring)
MPRegen  0.08/turn              (no ring)

@: very slow
A: large, see invisible, deformed body, poison resistance, slowness 2, slow
metabolism 1, spit poison 1, AC +0
a: Spit Poison


You were on level 1 of the Dungeon.
You were not hungry.

You visited 1 branch of the dungeon, and saw 1 of its levels.

You collected 32 gold pieces.

Inventory:

Hand Weapons
 a - a +2 dagger (weapon)
Missiles
 d - 8 poisoned darts (quivered)
 e - 2 curare-tipped darts
 g - 2 atropa-tipped darts
Armour
 b - a +0 robe
 c - a +0 cloak (worn)
 h - a +0 leather armour (worn)
Scrolls
 i - a scroll of identify {unknown}
Potions
 k - a potion of degeneration
 l - a potion of heal wounds
Comestibles
 f - 3 rations


   Skills:
 + Level 2.2 Fighting
 + Level 2.1 Short Blades
 + Level 1.7 Throwing
 + Level 0.7 Dodging
 + Level 6.3 Stealth


You had one spell level left.
You didn't know any spells.
Your spell library was empty.

Dungeon Overview and Level Annotations

Branches:
Dungeon (1/15)

Altars:


Innate Abilities, Weirdness & Mutations

You cannot wear boots.
Your serpentine skin is tough. (AC +0)
You have supernaturally acute eyesight. (SInv)
Armour fits poorly on your strangely shaped body.
Your system is resistant to poisons. (rPois)
You cover ground very slowly.
You have a slow metabolism.
You can spit poison.


Message History

You have got your breath back.
The hobgoblin barely misses you.
You closely miss the hobgoblin. The hobgoblin hits you.
* * * LOW HITPOINT WARNING * * *
You hit the hobgoblin.
The hobgoblin is heavily wounded.
The hobgoblin hits you.
* * * LOW HITPOINT WARNING * * *
You closely miss the hobgoblin.
The hobgoblin is heavily wounded.
The hobgoblin hits you.
* * * LOW HITPOINT WARNING * * *
You hit the hobgoblin.
The hobgoblin is severely wounded.
The hobgoblin hits you.
* * * LOW HITPOINT WARNING * * *
You hit the hobgoblin.
The hobgoblin is almost dead.
The hobgoblin hits you.
You die...

#.# #....#..#......#.##.##.#
#.# #....#...........#..##.#
#.# #......###.........#...#
#.# #......###...........###
#......#.....##............##
..#######.......>.........#
.. ##...[............# #
#.#..............#
#..@.............#
#.g††..........).#
#.$..............#
..[.............(.#
?......##......#...#
.........# ##...##...#
.........# ###......#
...?.....# ###....# #.##.###


You could see a hobgoblin.

Vanquished Creatures
  A leopard gecko (D:1)
  A giant cockroach (D:1)
  A hobgoblin (D:1)
  A bat (D:1)
  A frilled lizard (D:1)
  2 goblins (D:1)
  A kobold (D:1)
  A rat (D:1)
9 creatures vanquished.

Notes
Turn   | Place    | Note
-------+----------+-------------------------------------------
     0 | D:1      | 2BsUSBport the Naga Assassin began the quest for the Orb.
     0 | D:1      | Reached XP level 1. HP: 19/19 MP: 1/1
   148 | D:1      | Reached skill level 6 in Stealth
   611 | D:1      | Reached XP level 2. HP: 26/26 MP: 2/2
   622 | D:1      | Slain by a hobgoblin

Levels and vault maps discovered:
D:1:      saegor_arrival_simple_b, layout_rooms

Skill      XL: |  1 |
---------------+----+-----
Stealth        | 6 |  6.3
Fighting       | |  2.2
Short Blades   | |  2.1
Throwing       | |  1.7
Dodging        | |  0.7

Action                   || total
-------------------------++-------
Melee: Dagger            ||    37
 Abil: Spit Poison       ||     1
  Use: Potion            ||     3
       Scroll            ||     2
 Stab: Sleeping          ||     2
Armor: Leather armour    ||     3
       Skin              ||     1
Dodge: Dodged            ||    15

Table legend:
 A = Non-vault XP
 B = Vault XP
 C = Vault XP percentage of total XP
 D = Non-vault monster count
 E = Vault monster count
 F = Vault count percentage of total count
                 A         B        C        D         E       F
            +---------+---------+-------+---------+---------+-------
      Total |      14 |       0 |   0.0 |       9 |       0 |   0.0
            +---------+---------+-------+---------+---------+-------
        D:1 |      14 |       0 |   0.0 |       9 |       0 |   0.0
            +---------+---------+-------+---------+---------+-------
